 Dungeon Crawl Stone Soup version 0.21-a0-496-g696f58f (webtiles) character file.

412179 Goblin1989 the Executioner (level 23, -13/242 HPs)
             Began as a Naga Berserker on Nov 21, 2017.
             Was the Champion of Trog.
             Killed from afar by a shadow dragon (39 damage)
             ... with a bolt of negative energy
             ... on level 2 of the Depths on Nov 24, 2017.
             The game lasted 02:29:46 (61406 turns).

Goblin1989 the Executioner (Naga Berserker)        Turns: 61406, Time: 02:29:47

Health: -13/242    AC: 35    Str: 28    XL:     23   Next: 53%
Magic:  30/33      EV: 12    Int: 10    God:    Trog [******]
Gold:   3270       SH: 17    Dex: 12    Spells: 22/22 levels left

rFire    + + .     SeeInvis +   b - +9 broad axe (drain)
rCold    + + .     Gourm    +   h - +5 shield {reflect} {Donald}
rNeg     . . .     Faith    .   p - +1 plate armour {rF+}
rPois    +         Spirit   .   y - +2 hat
rElec    +         Reflect  +   i - +2 cloak {MR+}
rCorr    .         Harm     .   V - +0 pair of gloves
MR       ++++.                  N - +1 naga barding
Stlth    ..........             j - amulet of the gourmand
HPRegen  0.50/turn              c - ring of protection from cold
MPRegen  0.23/turn              O - ring "Qyloin" {rElec rF+ MR+ EV+4}

@: lethally poisoned (-13 -> -13), very heavily drained, very slow
A: large, fangs 1, horns 1, stinger 2, icy blue scales 1, yellow scales 1, see
invisible, cold resistance 1, deformed body, sense surroundings 1, poison
resistance, robust 1, slowness 2, slow metabolism 1, spit poison 1, strong 1,
wild magic 1, evolution 1, constrict 1, AC +7
}: 2/15 runes: decaying, serpentine
a: Spit Poison, Berserk, Trog's Hand, Brothers in Arms, Burn Spellbooks,
Renounce Religion


You were on level 2 of the Depths.
You worshipped Trog.
Trog was exalted by your worship.
You were completely stuffed.

You visited 8 branches of the dungeon, and saw 40 of its levels.
You also visited: Ossuary, Volcano and Wizlab.

You collected 5185 gold pieces.
You spent 1915 gold pieces at shops.

Inventory:

Hand Weapons
 a - a +2 hand axe of flaming
 b - a +9 broad axe of draining (weapon)
 K - a +5 hand crossbow of velocity {god gift}
Missiles
 D - 741 bolts
Armour
 h - a +5 shield of reflection (worn) {Donald}
 i - a +2 cloak of magic resistance (worn)
 p - a +1 plate armour of fire resistance (worn)
 y - a +2 hat (worn)
 N - a +1 naga barding (worn)
 V - a +0 pair of gloves (worn)
Jewellery
 c - a ring of protection from cold (left hand)
 d - the amulet of the Priest {Fragile rF+++ Regen+ SInv Stlth+}
   (You found it on level 2 of the Depths)

   [amulet of regeneration]

   It renders you almost immune to fire.
   It lets you see invisible.
   It increases your rate of regeneration.
   It will be destroyed if unequipped.
   It makes you more stealthy.
 j - an amulet of the gourmand (around neck)
 l - an uncursed ring of flight
 O - the ring "Qyloin" (right hand) {rElec rF+ MR+ EV+4}
   (You bought it in a shop on level 11 of the Dungeon)

   [ring of evasion]

   It affects your evasion (+4).
   It protects you from fire.
   It insulates you from electricity.
   It affects your resistance to hostile enchantments.
 Z - the ring "Nucof" {rF+ rN+ Int+7 SInv}
   (You took it off Nikola on level 3 of the Elven Halls)

   [ring of see invisible]

   It affects your intelligence (+7).
   It protects you from fire.
   It protects you from negative energy.
   It lets you see invisible.
Wands
 k - a wand of polymorph (14)
 q - a wand of digging (49)
 A - a wand of acid (21)
 G - a wand of scattershot (7)
 H - a wand of clouds (4)
 I - a wand of iceblast (50)
 P - a wand of paralysis (47)
 Y - a wand of flame (118)
Scrolls
 g - 4 scrolls of summoning
 m - 6 scrolls of immolation
 w - 3 scrolls of fog
 z - 10 scrolls of fear
 B - 6 scrolls of blinking
 C - 13 scrolls of remove curse {@r2}
 M - 6 scrolls of magic mapping
 R - 13 scrolls of identify {@r1}
 T - 10 scrolls of teleportation {!r, @r3}
 X - 2 scrolls of enchant armour
Potions
 o - 7 potions of haste {@q3, !q}
 t - 4 potions of ambrosia
 u - 2 potions of invisibility
 v - 9 potions of curing {@q1}
 F - 8 potions of might
 J - 3 potions of heal wounds {@q2, !q}
 L - 14 potions of flight
 Q - 9 potions of mutation {!q}
 S - a potion of resistance
 U - 6 potions of agility
 W - 9 potions of cancellation
Miscellaneous
 x - a fan of gales
Comestibles
 e - 13 bread rations {@e1}
 n - 21 fruits
 r - 19 meat rations {@e2}
 s - 17 royal jellies


   Skills:
 + Level 16.0(11.9) Fighting
 * Level 21.6(17.1) Axes
 + Level 13.3(9.5) Armour
 + Level 13.6(9.8) Dodging
 + Level 13.0(9.2) Shields
 + Level 14.3(10.4) Evocations


You had 22 spell levels left.
You didn't know any spells.

Dungeon Overview and Level Annotations

Branches:
Dungeon (15/15)            Temple (0/1) D:7            Lair (6/6) D:8
  Swamp (4/4) Lair:4        Snake (4/4) Lair:4        Slime (0/5) Lair:6
    Orc (2/2) D:10            Elf (3/3) Orc:2        Vaults (4/5) D:13
  Crypt (0/3) Vaults:3     Depths (2/5) D:15

Altars:
Dithmenos
Elyvilon
Hepliaklqana
Okawaru
Uskayaw
Beogh

Shops:
D:10 !   D:11 =   D:12 =   Orc:2 [*!%   Elf:1 }   Snake:2 *   Vaults:1 =
Vaults:2 }

Portals:
Hell: Depths:1 Depths:2
Abyss: Depths:2
Pandemonium: Depths:1

Annotations:
Lair:4 exclusion: 2 oklob plants
Elf:2 3 runed doors


Innate Abilities, Weirdness & Mutations

You cannot wear boots.
Your serpentine skin is tough. (AC +7)
You have supernaturally acute eyesight. (SInv)
Armour fits poorly on your strangely shaped body.
Your system is resistant to poisons. (rPois)
You cover ground very slowly.
You have a slow metabolism.
You can spit poison.
You can use your snake-like lower body to constrict enemies.
You have very sharp teeth.
You have a pair of small horns on your head.
Your tail ends in a sharp poisonous barb.
You are partially covered in icy blue scales. (AC +2)
You are partially covered in yellow scales. (AC +2)
Your flesh is cold resistant. (rC+)
You passively map a small area around you.
You are robust. (+10% HP)
Your muscles are strong. (Str +2)
Your spells are a little harder to cast, but a little more powerful.
You evolve.


Message History

You block the tengu warrior's attack. The shadow dragon bites you.
* * * LOW HITPOINT WARNING * * *
You feel drained. The shadow dragon claws you.
* * * LOW HITPOINT WARNING * * *
The shadow dragon claws you but does no damage.
The vampire knight hits you with a great mace of protection!!
* * * LOW HITPOINT WARNING * * *
You block the vampire knight's attack. You block the tengu warrior's attack.
The tengu warrior pecks you but does no damage.
The tengu warrior misses you.
You take 32 damage, and have 42/242 hp.
You slice the tengu warrior like a ripe choko!!!
You kill the tengu warrior!
Trog accepts your kill.
You hit the vampire knight. You barely miss the shadow dragon.
You slash the tengu warrior! The shadow dragon bites you.
* * * LOW HITPOINT WARNING * * *
You feel drained.
* * * LOW HITPOINT WARNING * * *
You block the shadow dragon's attack. x2
All of the chunks of flesh in your inventory have rotted away.
You take 3 damage, and have 39/242 hp.
You slice the tengu warrior!!
You kill the tengu warrior!
Trog accepts your kill.
You slash the vampire knight! You hit the shadow dragon.
You feel sick.
You block the vampire knight's attack. x2
You take 1 damage, and have 38/242 hp.
Unknown command.
You barely miss the shadow dragon. Your headbutt misses the shadow dragon.
You tail-slap the shadow dragon.
The shadow dragon is heavily wounded.
You slash the vampire knight! You block the vampire knight's attack.
The vampire knight bites you but does no damage.
The shadow dragon bites you.
* * * LOW HITPOINT WARNING * * *
The shadow dragon claws you but does no damage. x2
You take 5 damage, and have 33/242 hp.
You barely miss the vampire knight. You grab the vampire knight.
You headbutt the vampire knight, but do no damage.
The vampire knight is severely damaged.
You hit the shadow dragon. You constrict the vampire knight.
You block the vampire knight's attack. x2; The shadow dragon bites you!
* * * LOW HITPOINT WARNING * * *
The shadow dragon claws you but does no damage.
You block the shadow dragon's attack.
You take 10 damage, and have 23/242 hp.
You hit the vampire knight.
The vampire knight is almost destroyed.
You slash the shadow dragon! You constrict the vampire knight.
You feel sick. You block the vampire knight's attack.
The vampire knight barely misses you.
You take 1 damage, and have 22/242 hp.
Unknown command.
You hit the vampire knight but do no damage.
You headbutt the vampire knight, but do no damage.
You tail-slap the vampire knight, but do no damage.
The vampire knight is almost destroyed.
You barely miss the shadow dragon. You constrict the vampire knight.
You destroy the vampire knight!
Trog accepts your kill.
Trog appreciates your killing of a magic user.
Your base Shields skill increases to level 13!
The shadow dragon bites you but does no damage.
The shadow dragon claws you but does no damage. x2
Unknown command.
Unknown command.
You hit the shadow dragon. You headbutt the shadow dragon.
Your tail-slap misses the shadow dragon.
The shadow dragon is heavily wounded.
The shadow dragon breathes negative energy at you.
The bolt of negative energy hits you!
You feel drained.
* * * LOW HITPOINT WARNING * * *
You take 22 damage, and have 1/242 hp.
Really quaff
J - 4 potions of heal wounds {@q2, !q}?
You feel much better.
You feel sick. The shadow dragon barely misses you.
You block the shadow dragon's attack.
The shadow dragon claws you but does no damage.
You regained 25 hp, and now have 26/242 hp.
Unknown command.
You slice the shadow dragon!!
You headbutt the shadow dragon, but do no damage.
You bite the shadow dragon, but do no damage.
The shadow dragon is severely wounded.
You barely miss the shadow dragon. Your headbutt misses the shadow dragon.
You tail-slap the shadow dragon, but do no damage.
The shadow dragon is severely wounded.
The shadow dragon bites you but does no damage.
You block the shadow dragon's attack. x2
Unknown command.
You slash the shadow dragon!
You headbutt the shadow dragon, but do no damage.
You tail-slap the shadow dragon, but do no damage.
The shadow dragon is almost dead.
You feel sick. You block the shadow dragon's attack.
The shadow dragon claws you but does no damage. x2
You closely miss the shadow dragon.
The shadow dragon is almost dead.
The shadow dragon breathes negative energy at you.
The bolt of negative energy hits you!
You feel drained.
You die...

.....▲ ·· · ·.§.§§§§
· .....▲ · ·
▲·.§§.≈§≈ .Ψ...█· ·
· · ▓ §≈...≈≈ .....█
▓ ▓ ▓ ▓ .≈≈.... ·
...>.█ .......
.....█ █████....§..
∆█████
████...█....§.. ..██
██.)$...∆....≈..
).8█
███..@D...))...≈..
.[██
██...)))...))..§≈§.
..8█
██Ψ..........██.§§§.
≈ ..██
██.?.......████
.§..⌂ · ..8█
██........███ .§..
..██ ██.......∆∆█
▓%.∩· ..8█
██.......█∆..··· ·
▓███ ).██
█.......██... ·· ·
)█████....÷.██


You could see a shadow dragon.

Vanquished Creatures
  Mara (Vaults:2)
  Saint Roka (Vaults:2)
  Margery (Vaults:2)
  2 caustic shrikes (Depths:2)
  Nikola (Elf:3)
  Jorgrun (Swamp:4)
  2 liches
  A moon troll (WizLab)
  A deep elf blademaster (Elf:3)
  Donald (Swamp:2)
  4 tentacled starspawn (WizLab)
  Frances (Swamp:1)
  A shadow dragon (Depths:2)
  A tengu reaver (Vaults:2)
  6 nagarajas
  Roxanne (Elf:2)
  A fire giant (Vaults:4)
  3 frost giants
  A balrug (Depths:2)
  5 deep elf sorcerers
  A cacodemon (WizLab)
  Aizul (Swamp:2)
  3 vault wardens (Vaults:2)
  3 deep elf elementalists
  15 ironheart preservers
  An orc warlord (Vaults:3)
  15 very ugly things
  A reaper (Depths:2)
  2 war gargoyles
  14 stone giants
  2 vampire knights
  Nessos (D:12)
  3 deep elf demonologists
  3 deep elf annihilators
  5 spark wasps
  A small abomination (Depths:2)
  An ettin (Depths:1)
  3 deep elf death magi (Elf:3)
  3 crystal guardians (WizLab)
  The ghost of p0werm0de the Martial Artist, a journeyman OpEE of Dithmenos (Lair:6)
  5 fire dragons
  6 deep elf high priests
  Harold (Lair:4)
  5 great orbs of eyes
  9 yaktaur captains
  21 hydras
  12 naga warriors
  10 vault guards
  17 anacondas
  5 ghost crabs (Swamp:1)
  4 rakshasas
  5 ice dragons
  7 centaur warriors
  2 death knights (Vaults:3)
  A catoblepas (D:13)
  5 alligators
  37 two-headed ogres
  9 dancing weapons
  12 ogre magi
  4 deep troll earth magi
  3 deep troll shamans (Vaults:4)
  4 spriggan berserkers (Depths:2)
  8 tengu warriors
  3 shock serpents
  Urug (D:15)
  2 orc high priests (Orc:2)
  3 soul eaters (Depths:2)
  14 deep elf knights
  9 naga sharpshooters
  3 sun demons (Depths:2)
  A shadow wraith (Vaults:3)
  3 hell knights (Vaults:2)
  2 salamander mystics
  3 skeletal warriors (Depths:2)
  6 naga ritualists
  7 glowing orange brains
  12 deep trolls
  6 spriggan druids
  5 unseen horrors
  A flayed ghost (Vaults:3)
  5 swamp dragons
  13 deep elf archers
  6 harpies
  4 wizards
  A shambling mangrove (Swamp:1)
  10 orc knights
  5 ironbrand convokers
  3 mana vipers
  30 ugly things
  2 necromancers (Vaults:2)
  3 orc sorcerers
  54 deep elf magi
  A sphinx skeleton (Vaults:2)
  A wolf spider (Vaults:2)
  4 cyclopes
  3 elephants (Lair:6)
  3 manticores
  3 guardian serpents
  12 salamanders
  A torpor snail (Lair:6)
  6 vault sentinels
  A guardian serpent (shapeshifter) (D:14)
  2 centaur skeletons
  15 spiny frogs
  35 black mambas
  29 naga magi
  6 gargoyles
  8 rust devils (Depths:2)
  5 eyes of devastation (WizLab)
  4 apocalypse crabs (Swamp:1)
  A rime drake (shapeshifter) (Vaults:3)
  A komodo dragon (shapeshifter) (Vaults:2)
  A rime drake (Lair:3)
  8 komodo dragons
  4 efreet (Depths:2)
  6 freezing wraiths
  17 yaktaurs
  2 tengu conjurers
  6 tyrant leeches
  2 queen bees
  8 trolls
  6 meliai
  A red devil (Depths:2)
  A meliai (shapeshifter) (Vaults:4)
  5 polar bears
  Grinder (D:3)
  12 hornets
  19 blink frogs
  13 dream sheep
  2 raiju (shapeshifter)
  41 slime creatures
  A stone giant simulacrum (Vaults:2)
  8 hippogriffs
  3 flying skulls (Depths:2)
  12 bog bodies
  3 shadows
  6 wyverns
  21 spriggans
  4 water elementals
  3 air elementals
  5 wraiths
  53 yaks
  2 fire bats (Volcano)
  A fire elemental (Elf:1)
  A yak (shapeshifter) (Vaults:2)
  4 golden eyes (WizLab)
  2 steam dragons (D:10)
  2 basilisks
  3 human simulacra
  2 neqoxecs (WizLab)
  Grum (D:8)
  3 hungry ghosts
  19 vampire mosquitoes
  20 swamp worms
  41 nagas
  A soldier ant (shapeshifter) (D:12)
  4 wargs
  3 acid dragons
  19 insubstantial wisps
  18 water moccasins
  5 hell hounds
  11 porcupines
  57 orc warriors
  6 sky beasts
  A black bear (shapeshifter) (Vaults:2)
  2 phantoms
  12 swamp drakes
  6 black bears
  46 ogres
  5 ice beasts
  11 boggarts
  15 centaurs
  34 wolves
  12 crocodiles
  A big kobold (D:10)
  2 elf zombies (Ossuary)
  16 bullfrogs
  A wyvern skeleton (D:8)
  4 scorpions
  A scorpion (shapeshifter) (Elf:3)
  A water moccasin skeleton (D:8)
  29 killer bees
  8 wights
  2 howler monkeys (D:5)
  An electric eel (Lair:3)
  5 crimson imps
  A quasit (D:9)
  12 starcursed masses (WizLab)
  2 yaktaur simulacra
  41 orc priests
  2 centaur zombies
  7 jellies
  22 orc wizards
  3 human zombies
  6 hounds
  4 iguanas
  Natasha (twice) (D:3)
  6 worker ants
  2 big kobold zombies (Ossuary)
  3 hound zombies
  A hound skeleton (D:8)
  A howler monkey zombie (D:9)
  3 mummies (Ossuary)
  A worker ant zombie (D:8)
  A gnoll (D:3)
  14 adders
  2 shadow imps
  2 oozes
  2 adder zombies (Ossuary)
  An adder skeleton (D:6)
  3 worms
  A leopard gecko (D:6)
  126 orcs
  7 ball pythons
  5 bats
  9 giant cockroaches
  A gnoll zombie (Ossuary)
  8 hobgoblins
  16 jackals
  16 kobolds
  2 quokkas
  6 frilled lizards
  9 goblins
  5 goblin zombies (Ossuary)
  2 hobgoblin zombies (Ossuary)
  A jackal skeleton (D:5)
  A jackal zombie (Ossuary)
  3 kobold zombies (Ossuary)
  3 orc zombies (Ossuary)
  8 quokka zombies
  13 rats
  4 rat zombies
  A crawling corpse (Depths:2)
  2 fungi
  A plant (Lair:5)
  4 starspawn tentacles (WizLab)
1777 creatures vanquished.

Vanquished Creatures (collateral kills)
  A nagaraja (Snake:4)
  A stone giant (Vaults:2)
  A yaktaur captain (Vaults:2)
  2 hydras (Swamp:4)
  3 orc high priests (Orc:2)
  An orange crystal statue (WizLab)
  A swamp dragon (Swamp:4)
  2 orc knights
  A naga mage (Snake:4)
  A swamp worm (Swamp:4)
  A naga (Snake:4)
  5 orc warriors (Orc:2)
  2 orc priests (Orc:2)
22 creatures vanquished.

Vanquished Creatures (others)
  A centaur warrior (Vaults:4)
  2 deep elf archers (Elf:2)
  A necromancer (Vaults:2)
  A deep elf mage (Elf:1)
  2 yaktaurs
  A spiny frog (Swamp:1)
  A water moccasin (Lair:6)
  A swamp drake (Swamp:4)
  An ogre (Vaults:2)
  2 centaurs (Vaults:3)
  9 fungi
  20 plants
  8 starspawn tentacles (WizLab)
50 creatures vanquished.

Grand Total: 1849 creatures vanquished

Notes
Turn   | Place    | Note
-------+----------+-------------------------------------------
     0 | D:1      | Goblin1989 the Naga Berserker began the quest for the Orb.
     0 | D:1      | Reached XP level 1. HP: 21/21 MP: 1/1
   359 | D:1      | Reached XP level 2. HP: 16/28 MP: 2/2
  1381 | D:1      | Reached XP level 3. HP: 34/34 MP: 3/3
  2235 | D:2      | Reached ** piety under Trog
  2241 | D:2      | Reached XP level 4. HP: 31/42 MP: 4/4
  3574 | D:3      | Noticed Natasha
  3589 | D:3      | Killed Natasha
  3589 | D:3      | Reached skill level 4 in Axes
  4027 | D:3      | Noticed Grinder
  4038 | D:3      | Killed Grinder
  4038 | D:3      | Reached XP level 5. HP: 28/50 MP: 5/5
  4038 | D:3      | Reached XP level 6. HP: 32/57 MP: 6/6
  4048 | D:3      | Reached skill level 5 in Axes
  4476 | D:3      | Found an iron altar of Okawaru.
  4755 | D:3      | Reached XP level 7. HP: 46/66 MP: 7/7
  4862 | D:3      | Noticed Natasha
  4868 | D:3      | Killed Natasha
  5791 | D:4      | Reached skill level 6 in Axes
  6367 | D:5      | Entered Level 5 of the Dungeon
  6621 | D:5      | Reached XP level 8. HP: 49/73 MP: 4/8
  6644 | D:5      | Reached *** piety under Trog
  6644 | D:5      | Reached skill level 5 in Fighting
  7574 | D:6      | Reached skill level 7 in Axes
  7604 | D:6      | Found a sand-covered staircase.
  7611 | Ossuary  | Entered an ossuary
  8051 | Ossuary  | Reached **** piety under Trog
  8284 | Ossuary  | Reached XP level 9. HP: 74/82 MP: 6/9
  8640 | D:6      | Reached skill level 8 in Axes
  8760 | D:6      | Reached skill level 1 in Shields
  9375 | D:7      | Found a staircase to the Ecumenical Temple.
  9684 | D:7      | Reached skill level 5 in Dodging
 10338 | D:8      | Reached skill level 5 in Armour
 10518 | D:8      | Noticed a two-headed ogre
 10528 | D:8      | Killed a two-headed ogre
 10528 | D:8      | Reached skill level 9 in Axes
 10528 | D:8      | Reached XP level 10. HP: 94/94 MP: 7/10
 10657 | D:8      | Found a staircase to the Lair.
 10911 | D:8      | Reached ***** piety under Trog
 11046 | D:8      | Reached skill level 1 in Evocations
 11197 | D:8      | Noticed a two-headed ogre
 11208 | D:8      | Received a gift from Trog
 11212 | D:8      | Killed a two-headed ogre
 11362 | D:8      | Noticed Grum
 11370 | D:8      | Killed Grum
 12185 | D:9      | Found a shadowy altar of Dithmenos.
 12209 | D:9      | Reached skill level 10 in Axes
 12337 | D:9      | Reached XP level 11. HP: 74/102 MP: 7/13
 13289 | D:10     | Entered Level 10 of the Dungeon
 13824 | D:10     | Found a staircase to the Orcish Mines.
 14523 | D:10     | Found Seopn's Distillery.
 14531 | D:10     | Bought a potion of might for 48 gold pieces
 14531 | D:10     | Bought 2 potions of agility for 96 gold pieces
 14531 | D:10     | Bought a potion of haste for 120 gold pieces
 14531 | D:10     | Bought a potion of resistance for 120 gold pieces
 14531 | D:10     | Bought a potion of might for 48 gold pieces
 14531 | D:10     | Bought a potion of might for 48 gold pieces
 14531 | D:10     | Bought a potion of might for 48 gold pieces
 15676 | D:11     | Reached skill level 11 in Axes
 15713 | D:11     | Noticed an unseen horror
 15718 | D:11     | Noticed a manticore
 15721 | D:11     | Killed an unseen horror
 15733 | D:11     | Killed a manticore
 16462 | D:11     | Found Osodeij's Jewellery Shop.
 16533 | D:11     | Noticed a two-headed ogre
 16539 | D:11     | Killed a two-headed ogre
 16797 | D:12     | Noticed Nessos
 16822 | D:12     | Killed Nessos
 16822 | D:12     | Reached XP level 12. HP: 23/112 MP: 1/15
 17214 | D:12     | Found Kollej's Jewellery Emporium.
 17591 | D:12     | Reached skill level 5 in Shields
 18383 | D:13     | Reached skill level 5 in Evocations
 18474 | Orc:1    | Entered Level 1 of the Orcish Mines
 18653 | Orc:1    | Found a roughly hewn altar of Beogh.
 19265 | Orc:2    | Entered Level 2 of the Orcish Mines
 19459 | Orc:2    | Received a gift from Trog
 19625 | Orc:2    | Found a staircase to the Elven Halls.
 19719 | D:11     | Bought the ring "Qyloin" {rElec rF+ MR+ EV+4} for 751 gold pieces
 19783 | Lair:1   | Entered Level 1 of the Lair of Beasts
 20258 | Lair:1   | Reached skill level 12 in Axes
 21808 | Lair:2   | Gained mutation: You can use your snake-like lower body to constrict enemies. [Naga growth]
 21808 | Lair:2   | Reached XP level 13. HP: 116/121 MP: 15/17
 23658 | Lair:4   | Found a staircase to the Snake Pit.
 23690 | Lair:4   | Found a dark tunnel.
 23715 | Volcano  | Entered a volcano
 23837 | Volcano  | Reached skill level 13 in Axes
 24512 | Lair:4   | Reached skill level 10 in Fighting
 24806 | D:11     | Bought an uncursed amulet of the gourmand for 360 gold pieces
 24975 | Lair:4   | Noticed Harold
 24987 | Lair:4   | Killed Harold
 25063 | Lair:4   | Found a staircase to the Swamp.
 25473 | Lair:5   | Reached XP level 14. HP: 131/132 MP: 19/19
 25550 | Lair:5   | Got a transparent hand axe
 25551 | Lair:5   | Identified the +0 hand axe of the Final Decision {holy, *Contam +Fly Int+3} (You found it on level 5 of the Lair of Beasts)
 25578 | Lair:5   | Gained mutation: Your body sometimes deteriorates upon taking damage. [mutagenic glow]
 25935 | Lair:5   | Received a gift from Trog
 26351 | Lair:6   | Entered Level 6 of the Lair of Beasts
 26356 | Lair:6   | Noticed p0werm0de's ghost (journeyman OpEE)
 26375 | Lair:6   | Killed p0werm0de's ghost
 26810 | Lair:6   | Reached ****** piety under Trog
 27453 | Lair:6   | Reached skill level 14 in Axes
 27574 | Lair:6   | Reached skill level 15 in Axes
 27574 | Lair:6   | Reached XP level 15. HP: 140/140 MP: 21/21
 27776 | Lair:6   | Found a staircase to the Slime Pits.
 28530 | Orc:2    | Received a gift from Trog
 29098 | Orc:2    | Found Xaraisk's Armour Emporium.
 29101 | Orc:2    | Found Tefot's Distillery.
 29102 | Orc:2    | Found Corphyre's Food Emporium.
 29103 | Orc:2    | Found Uddam's Assorted Antiques.
 29109 | Orc:2    | Bought a scroll of enchant weapon for 210 gold pieces
 29454 | D:13     | Found a gate to the Vaults.
 29469 | D:13     | Reached XP level 16. HP: 136/150 MP: 22/22
 30965 | D:14     | Received a gift from Trog
 31321 | D:14     | Reached skill level 16 in Axes
 32174 | D:15     | Entered Level 15 of the Dungeon
 32175 | D:15     | Upgraded the game from 0.21-a0-471-gd587bd5 to 0.21-a0-476-gd103f4b
 33098 | D:15     | Found a staircase to the Depths.
 33120 | D:15     | Noticed Urug
 33129 | D:15     | Killed Urug
 33466 | Swamp:1  | Entered Level 1 of the Swamp
 33477 | Swamp:1  | Noticed Frances
 33622 | Swamp:1  | Killed Frances
 33623 | Swamp:1  | Reached XP level 17. HP: 39/159 MP: 23/23
 34093 | Swamp:1  | Reached skill level 10 in Dodging
 34300 | Swamp:1  | Reached skill level 10 in Armour
 34934 | Swamp:1  | Found a runed door.
 35067 | Swamp:1  | Received a gift from Trog
 35654 | Swamp:2  | Noticed Aizul
 35673 | Swamp:2  | Killed Aizul
 36174 | Swamp:2  | Noticed Donald
 36188 | Swamp:2  | Killed Donald
 36188 | Swamp:2  | Reached skill level 17 in Axes
 37970 | Swamp:3  | Got a diamond-encrusted scale mail
 38674 | Swamp:4  | Entered Level 4 of the Swamp
 38678 | Swamp:4  | Received a gift from Trog
 38744 | Swamp:4  | Noticed Jorgrun
 38754 | Swamp:4  | Killed Jorgrun
 38855 | Swamp:4  | Reached skill level 10 in Evocations
 38883 | Swamp:4  | Reached XP level 18. HP: 62/169 MP: 25/25
 38895 | Swamp:4  | Got a decaying rune of Zot
 39270 | Snake:1  | Entered Level 1 of the Snake Pit
 39651 | Lair:4   | Identified the +4 scale mail of Zin's Favour {MR+} (You found it on level 3 of the Swamp)
 40070 | Snake:2  | Found Zohyublu's Assorted Antiques.
 40875 | Snake:2  | Found a runed gate.
 40875 | Snake:2  | Found a runed gate.
 40875 | Snake:2  | Found a runed gate.
 41488 | Snake:3  | Reached skill level 10 in Shields
 41691 | Snake:3  | Got a slimy leather armour
 41723 | Snake:3  | Reached skill level 18 in Axes
 42031 | Snake:3  | Received a gift from Trog
 42633 | Snake:3  | Gained mutation: You are partially covered in yellow scales. (AC +2) [mutagenic meat]
 42634 | Snake:3  | Gained mutation: Your muscles are strong. (Str +2) [mutagenic meat]
 42882 | Snake:4  | Entered Level 4 of the Snake Pit
 43277 | Snake:4  | Found the +4 moon troll leather armour {Spirit, Regen++ MP+5}
 43664 | Snake:4  | Reached XP level 19. HP: 164/178 MP: 27/27
 43676 | Snake:4  | Received a gift from Trog
 44302 | Snake:4  | Got a serpentine rune of Zot
 44637 | Vaults:1 | Entered Level 1 of the Vaults
 44902 | Vaults:1 | Found Cyjus's Jewellery Boutique.
 45686 | Vaults:1 | Gained mutation: You have very sharp teeth. [mutagenic meat]
 45687 | Vaults:1 | Gained mutation: You have sharp fingernails. [mutagenic meat]
 45688 | Vaults:1 | Gained mutation: Your movements are slightly less encumbered by armour. (ER -2) [mutagenic meat]
 45690 | Vaults:1 | Gained mutation: Your tail ends in a poisonous barb. [mutagenic meat]
 45841 | Vaults:1 | Gained mutation: Your muscles are very strong. (Str +4) [mutagenic meat]
 45843 | Vaults:1 | Gained mutation: Your spells are a little harder to cast, but a little more powerful. [mutagenic meat]
 45844 | Vaults:1 | Gained mutation: Your tail ends in a sharp poisonous barb. [mutagenic meat]
 45907 | Vaults:1 | Received a gift from Trog
 46809 | Vaults:2 | Upgraded the game from 0.21-a0-476-gd103f4b to 0.21-a0-496-g696f58f
 46824 | Vaults:2 | Reached skill level 19 in Axes
 46912 | Vaults:2 | Found Gaer's Gadget Boutique.
 46926 | Vaults:2 | Bought a wand of flame (9) for 66 gold pieces
 47083 | Vaults:2 | Gained mutation: You evolve. [mutagenic meat]
 47171 | Vaults:2 | Reached XP level 20. HP: 76/189 MP: 28/28
 47877 | Vaults:2 | Received a gift from Trog
 47907 | Vaults:2 | Noticed Saint Roka
 47925 | Vaults:2 | Killed Saint Roka
 48118 | Vaults:2 | Noticed Margery
 48130 | Vaults:2 | Noticed Mara
 48131 | Vaults:2 | Noticed Goblin1989's illusion
 48138 | Vaults:2 | Killed Margery
 49302 | Vaults:2 | Killed Mara
 49305 | Vaults:2 | Received a gift from Trog
 49667 | Vaults:3 | Gained mutation: You possess an exceptional clarity of mind. [mutagenic meat]
 49668 | Vaults:3 | Lost mutation: Your muscles are very strong. (Str +4) [mutagenic meat]
 49669 | Vaults:3 | Gained mutation: You have a pair of small horns on your head. [mutagenic meat]
 49737 | Vaults:3 | Lost mutation: Your body sometimes deteriorates upon taking damage. [mutagenic meat]
 49738 | Vaults:3 | Gained mutation: Your magical capacity is low. (-10% MP) [mutagenic meat]
 49741 | Vaults:3 | Lost mutation: Your movements are slightly less encumbered by armour. (ER -2) [mutagenic meat]
 49742 | Vaults:3 | Lost mutation: You possess an exceptional clarity of mind. [mutagenic meat]
 49743 | Vaults:3 | Lost mutation: You have sharp fingernails. [mutagenic meat]
 50580 | Vaults:3 | Reached XP level 21. HP: 184/199 MP: 27/27
 50583 | Vaults:3 | Received a gift from Trog
 50968 | Vaults:3 | Gained mutation: You can exhale a cloud of poison. [evolution]
 51098 | Vaults:3 | Reached skill level 20 in Axes
 51187 | Vaults:3 | Found a staircase to the Crypt.
 51944 | Vaults:4 | Received a gift from Trog
 53526 | Elf:1    | Entered Level 1 of the Elven Halls
 53583 | Elf:1    | Found a magical portal.
 53593 | WizLab   | Entered Lehudib's Moon Base
 53851 | WizLab   | Gained mutation: Potions are less effective at restoring your health. [a neqoxec]
 53869 | WizLab   | Paralysed by accursed screaming for 1 turns
 53871 | WizLab   | Paralysed by accursed screaming for 1 turns
 53880 | WizLab   | Received a gift from Trog
 53901 | WizLab   | Reached skill level 15 in Fighting
 54610 | WizLab   | Found a transporter.
 54930 | WizLab   | Reached XP level 22. HP: 210/210 MP: 28/28
 54945 | WizLab   | Gained mutation: You are partially covered in icy blue scales. (AC +2) [mutagenic meat]
 54946 | WizLab   | Lost mutation: Your magical capacity is low. (-10% MP) [mutagenic meat]
 54947 | WizLab   | Lost mutation: Potions are less effective at restoring your health. [mutagenic meat]
 54948 | WizLab   | Lost mutation: You can exhale a cloud of poison. [mutagenic meat]
 54949 | WizLab   | Gained mutation: You are robust. (+10% HP) [mutagenic meat]
 54950 | WizLab   | Gained mutation: You passively map a small area around you. [mutagenic meat]
 55728 | WizLab   | Got a shimmering troll leather armour
 55732 | WizLab   | Gained mutation: Your flesh is cold resistant. (rC+) [evolution]
 55739 | WizLab   | Found a transporter.
 55748 | WizLab   | Got a crude steel ring
 55754 | WizLab   | Got a translucent quarterstaff
 55761 | WizLab   | Identified the ring "Fuiroz" {rN+ Str+4 Int+3 Dex-2} (You found it in a wizard's laboratory)
 55762 | WizLab   | Identified the +6 quarterstaff of Responsibility {crush, *Noise +Blink rElec} (You found it in a wizard's laboratory)
 55763 | WizLab   | Identified the cursed +1 troll leather armour of Caxu {rN+ Regen+ Int+3 Dex-5 Stlth+} (You took it off a moon troll in a wizard's laboratory)
 55792 | WizLab   | Identified Lehudib's Almanac of Hurtful Earth
 56076 | Elf:1    | Found Joittoeng's Gadget Shoppe.
 56428 | Elf:1    | Identified the Papyrus of Arcane Weapons and Creation
 56779 | Elf:2    | Received a gift from Trog
 56870 | Elf:2    | Noticed Roxanne
 56888 | Elf:2    | Killed Roxanne
 57004 | Elf:2    | Identified Roxanne's Incunabulum of the Mountains (You took it off Roxanne on level 2 of the Elven Halls)
 57544 | Elf:2    | Found a runed gate.
 57544 | Elf:2    | Found a runed gate.
 57544 | Elf:2    | Found a runed gate.
 57872 | Elf:3    | Entered Level 3 of the Elven Halls
 57977 | Elf:3    | Reached skill level 21 in Axes
 57995 | Elf:3    | Received a gift from Trog
 58671 | Elf:3    | Noticed Nikola
 58679 | Elf:3    | Killed Nikola
 58718 | Elf:3    | Got a crude steel ring
 58748 | Elf:2    | Identified the ring "Nucof" {rF+ rN+ Int+7 SInv} (You took it off Nikola on level 3 of the Elven Halls)
 59306 | Depths:1 | Entered Level 1 of the Depths
 59515 | Depths:1 | Found a gateway to Hell.
 59909 | Depths:1 | Reached XP level 23. HP: 240/240 MP: 33/33
 60206 | Depths:1 | Found a one-way gate leading to the halls of Pandemonium.
 60471 | Depths:2 | Got a scorched silver amulet
 60472 | Depths:2 | Identified the amulet of the Priest {Fragile rF+++ Regen+ SInv Stlth+} (You found it on level 2 of the Depths)
 60865 | Depths:2 | Received a gift from Trog
 61057 | Depths:2 | Found a hide-covered altar of Uskayaw.
 61059 | Depths:2 | Found a one-way gate to the infinite horrors of the Abyss.
 61094 | Depths:2 | Received a gift from Trog
 61154 | Depths:2 | Found a hazy altar of Hepliaklqana.
 61169 | Depths:2 | Noticed a caustic shrike
 61170 | Depths:2 | Noticed a caustic shrike
 61171 | Depths:2 | Noticed a caustic shrike
 61176 | Depths:2 | Killed a caustic shrike
 61185 | Depths:2 | Killed a caustic shrike
 61336 | Depths:2 | Found a white marble altar of Elyvilon.
 61401 | Depths:2 | HP: 1/242 [shadow dragon/bolt of negative energy (22)]
 61406 | Depths:2 | Killed from afar by a shadow dragon

Vault maps used:
D:1:      onia_arrival_larder
D:2:      kennysheep_big_flooded_room
D:3:      first_bread, okawaru_altar_gauntlet_db, uniq_natasha, uniq_grinder
D:6:      enter_ossuary_4
D:7:      nicolae_overflow_hidden_temple, minmay_temple_entry_nine_rooms
D:8:      lair_entry_dummy, special_room, serial_aquarium,
          aquarium_bridge_long_separate, aquarium_window_2,
          aquarium_window_corridor_3, aquarium_view_4, aquarium_balcony_5a,
          aquarium_pool_corner, uniq_grum
D:9:      nicolae_dithmenos_shadow_blocks
D:10:     david_orc_1_choice, serial_shops, shop
D:11:     serial_shops, shop
D:12:     minmay_isolated_rectangles_in_corner, serial_shops, shop, uniq_nessos
D:13:     erik_vaults_2, david_nohive_1
D:14:     hangedman_decor_slide_cut, nicolae_looking_at_the_future
D:15:     grunt_enter_depths_magical_seal, minmay_misc_feat_alley, uniq_urug
Lair:1:   st_stairs_7
Lair:3:   infiniplex_staircase_pool_2, serial_bayou_shore_b,
          serial_bayou_shore_a
Lair:4:   swamp_mist, minmay_snake_entry_guardpost_small, enter_volcano_2,
          minmay_lair_oklob_chamber, uniq_harold
Lair:5:   lemuel_fruit_tree, serial_bayou_shore_b, grunt_megastairs_5
Lair:6:   minmay_lair_end_enchanted_forest, slime_dummy
Swamp:1:  gammafunk_mikee_crab_dinner, hangedman_swamp_cone, uniq_frances
Swamp:2:  hangedman_swamp_blocks, swamp_pool4, uniq_donald, uniq_aizul
Swamp:3:  evilmike_swamp_ruin_house_4, swamp_pool3, infiniplex_staircase_pool
Swamp:4:  swamp, swamp_pool1, nicolae_swamp_very_dense_foliage, uniq_louise,
          uniq_jorgrun
Snake:2:  serial_shops, nicolae_shop_crystal, nicolae_snake_horde_hoard
Snake:4:  snake_pit, spider_trap
Orc:1:    basic_altar
Orc:2:    st_orc_pillars
Elf:1:    minmay_elf_arrival_summoners, infiniplex_enter_wizlab_spiral,
          serial_shops, shop, minmay_elf_sorcery
Elf:2:    uniq_roxanne
Elf:3:    minmay_elf_hall_curves, grunt_megastairs_1, basic_stair_grate_trap,
          uniq_nikola
Vaults:1: vaults_dpeg_spiral, nicolae_vaults_stairing_the_circle, v_rooms_4,
          nicolae_vaults_network_quincunx, hangedman_vaults_corner,
          vaults_room_fours, nicolae_vaults_what_the_h,
          vaults_room_stairs_pillars, ontoclasm_vaults_loading_screen,
          nicolae_vaults_rhombus_5, serial_shops, shop
Vaults:2: vaults_room_fours, nicolae_vaults_minivaults,
          hangedman_vaults_corner_blocks, v_misc_10, vaults_dpeg_ring,
          ontoclasm_vaults_decontamination, nicolae_vaults_arrows,
          v_alt_pattern_3, nicolae_vaults_little_squares_1,
          nicolae_vaults_hallways_thing, hangedman_vaults_trim,
          nicolae_vaults_little_squares_3, hangedman_vaults_maws,
          vaults_room_fours, serial_shops, nicolae_shop_window_shopping,
          uniq_margery, uniq_saint_roka, uniq_mara
Vaults:3: nicolae_vaults_angled_halls, v_misc_15, special_room_vaults,
          nicolae_vaults_network_periphery, vaults_room_fours,
          hangedman_vaults_locks, vaults_dpeg_encased_lava, v_misc_1, v_misc_23,
          blue_anna_dwarven_crypt
Vaults:4: ontoclasm_vaults_chip, vaults_mumra_lcd, v_rooms_4, v_misc_27,
          hangedman_vaults_impose, vaults_standard_mumra_lines,
          vaults_room_corners, nicolae_vaults_rhombus_6,
          grunt_vaults_hallway_long, ontoclasm_vaults_eye
Depths:1: pf_coc_iceberg, grunt_pan_entry_zigzag, minmay_misc_feat_encased,
          hangedman_decor_diamond_cutter, kennysheep_doodads,
          minmay_misc_feat_diagonals, minmay_hedge_maze,
          nicolae_twisting_strands, serial_bayou_crossing
Depths:2: grunt_profane_halls, hell_entry, abyss_entry
Ossuary:  minmay_ossuary_two_tombs
Volcano:  volcano_village
WizLab:   wizlab_lehudib

Skill      XL: |  1  2  3  4  5  6  7  8  9 10 11 12 13 14 15 16 17 18 19 20 21 22 23 |
---------------+----------------------------------------------------------------------+-----
Armour         | 2 3 4 5 6 7 8 9 10 11 12 13 | 13.3
Dodging        | 2 3 4 5 6 7 8 9 10 11 12 13 | 13.6
Axes           | 4 5 6 7 9 10 11 12 13 15 16 17 18 19 20 21 | 21.6
Fighting       | 4 5 7 8 9 10 11 12 13 14 15 16 | 16.0
Shields        | 2 3 4 5 6 7 8 9 10 11 12 13 | 13.0
Evocations     | 2 4 6 7 8 10 11 12 13 14 | 14.3

Action                   |  1- 3 |  4- 6 |  7- 9 | 10-12 | 13-15 | 16-18 | 19-21 | 22-24 || total
-------------------------+-------+-------+-------+-------+-------+-------+-------+-------++-------
Melee: Hand axe          |   126 |   145 |   481 |  1023 |   201 |   118 |       |       ||  2094
       War axe           |       |       |    35 |       |       |       |       |       ||    35
       Broad axe         |       |       |       |       |   466 |  1241 |  1014 |   613 ||  3334
       Constrict         |       |       |       |       |   142 |   259 |   216 |   113 ||   730
       Bite              |       |       |       |       |       |       |   158 |    97 ||   255
       Tailslap          |       |       |       |       |       |       |   186 |   127 ||   313
       Headbutt          |       |       |       |       |       |       |   145 |   179 ||   324
Invok: Berserk           |       |     2 |     5 |    11 |     1 |     2 |     9 |     1 ||    31
       Trog's Hand       |       |     1 |     2 |     2 |     3 |     6 |     4 |       ||    18
       Brothers in Arms  |       |       |       |     3 |     2 |     5 |     3 |     1 ||    14
 Abil: Spit Poison       |       |       |       |     1 |       |       |       |       ||     1
       Breathe Poison Ga |       |       |       |       |       |       |     1 |       ||     1
Evoke: Wand              |       |       |       |     4 |     4 |       |     2 |       ||    10
  Use: Potion            |       |       |     2 |     5 |     2 |       |     4 |     2 ||    15
       Scroll            |       |       |       |    23 |    15 |     4 |    12 |    12 ||    66
 Stab: Sleeping          |     1 |       |       |       |       |       |       |       ||     1
       Distracted        |       |       |       |     1 |       |       |       |     1 ||     2
       Confused          |       |       |       |       |       |     1 |       |     2 ||     3
  Eat: Chunk             |     3 |     9 |    14 |    34 |    32 |    43 |    73 |    28 ||   236
       Fruit             |       |       |     2 |       |       |       |       |       ||     2
       Bread ration      |       |       |     3 |     1 |       |       |       |       ||     4
       Royal jelly       |       |       |       |     1 |       |       |       |       ||     1
Armor: Animal skin       |    21 |    18 |    23 |       |       |       |       |       ||    62
       Scale mail        |       |       |   140 |    94 |       |       |       |       ||   234
       Plate armour      |       |       |       |   231 |   278 |   584 |   278 |   188 ||  1559
       Troll leather arm |       |       |       |       |       |    24 |    46 |       ||    70
Dodge: Dodged            |    73 |    85 |   157 |   251 |   230 |   511 |   338 |   163 ||  1808
Block: Shield            |       |       |    89 |   429 |   317 |   773 |   630 |   397 ||  2635
       Reflection        |       |       |       |       |       |    35 |    82 |    51 ||   168

Table legend:
 A = Spawn XP
 B = Non-spawn XP
 C = Spawn XP percentage of total XP
 D = Spawn monster count
 E = Non-spawn monster count
 F = Spawn count percentage of total count
 G = Total turns spent on level
                    A         B        C        D         E        F      G
               +---------+---------+-------+---------+---------+-------+---------
         Total |       0 |  734860 |   0.0 |       0 |    1804 |   0.0 | 61406
               +---------+---------+-------+---------+---------+-------+---------
           D:1 |       0 |      41 |   0.0 |       0 |      25 |   0.0 |  1700
           D:2 |       0 |      75 |   0.0 |       0 |      30 |   0.0 |  1586
           D:3 |       0 |     543 |   0.0 |       0 |      31 |   0.0 |  1745
           D:4 |       0 |     441 |   0.0 |       0 |      28 |   0.0 |  1405
           D:5 |       0 |     653 |   0.0 |       0 |      15 |   0.0 |  1133
           D:6 |       0 |    1159 |   0.0 |       0 |      26 |   0.0 |  1050
           D:7 |       0 |     809 |   0.0 |       0 |      17 |   0.0 |   976
           D:8 |       0 |    3633 |   0.0 |       0 |      56 |   0.0 |  1775
           D:9 |       0 |    2738 |   0.0 |       0 |      39 |   0.0 |  1343
          D:10 |       0 |    2608 |   0.0 |       0 |      27 |   0.0 |  1882
          D:11 |       0 |    4959 |   0.0 |       0 |      32 |   0.0 |  2011
          D:12 |       0 |    3568 |   0.0 |       0 |      14 |   0.0 |  1943
          D:13 |       0 |   19140 |   0.0 |       0 |      62 |   0.0 |  1337
          D:14 |       0 |   14325 |   0.0 |       0 |      48 |   0.0 |  1698
          D:15 |       0 |   15983 |   0.0 |       0 |      35 |   0.0 |  1024
        Lair:1 |       0 |    5047 |   0.0 |       0 |      23 |   0.0 |  1403
        Lair:2 |       0 |    3431 |   0.0 |       0 |      19 |   0.0 |   933
        Lair:3 |       0 |    8655 |   0.0 |       0 |      36 |   0.0 |  1757
        Lair:4 |       0 |    8312 |   0.0 |       0 |      32 |   0.0 |  1514
        Lair:5 |       0 |    5292 |   0.0 |       0 |      26 |   0.0 |  1158
        Lair:6 |       0 |   21452 |   0.0 |       0 |      89 |   0.0 |  1704
       Swamp:1 |       0 |   26825 |   0.0 |       0 |      67 |   0.0 |  1478
       Swamp:2 |       0 |   16738 |   0.0 |       0 |      42 |   0.0 |  2022
       Swamp:3 |       0 |   14275 |   0.0 |       0 |      46 |   0.0 |  1378
       Swamp:4 |       0 |   13443 |   0.0 |       0 |      24 |   0.0 |   507
       Snake:1 |       0 |   11534 |   0.0 |       0 |      26 |   0.0 |   843
       Snake:2 |       0 |   23520 |   0.0 |       0 |      47 |   0.0 |  1505
       Snake:3 |       0 |   21425 |   0.0 |       0 |      37 |   0.0 |  1679
       Snake:4 |       0 |   38752 |   0.0 |       0 |      67 |   0.0 |  1020
         Orc:1 |       0 |    1564 |   0.0 |       0 |      20 |   0.0 |  1026
         Orc:2 |       0 |    9919 |   0.0 |       0 |      82 |   0.0 |  1147
         Elf:1 |       0 |   17606 |   0.0 |       0 |      30 |   0.0 |  1023
         Elf:2 |       0 |   30087 |   0.0 |       0 |      42 |   0.0 |  1206
         Elf:3 |       0 |   34746 |   0.0 |       0 |      34 |   0.0 |  1124
      Vaults:1 |       0 |   33482 |   0.0 |       0 |      59 |   0.0 |  2578
      Vaults:2 |       0 |   83083 |   0.0 |       0 |     113 |   0.0 |  2412
      Vaults:3 |       0 |   58473 |   0.0 |       0 |     105 |   0.0 |  2211
      Vaults:4 |       0 |   34511 |   0.0 |       0 |      47 |   0.0 |  1499
      Depths:1 |       0 |   24579 |   0.0 |       0 |      27 |   0.0 |  1047
      Depths:2 |       0 |   61596 |   0.0 |       0 |      73 |   0.0 |  1053
       Ossuary |       0 |     465 |   0.0 |       0 |      38 |   0.0 |   714
       Volcano |       0 |    3332 |   0.0 |       0 |       9 |   0.0 |   612
        WizLab |       0 |   52041 |   0.0 |       0 |      59 |   0.0 |  2245
               +---------+---------+-------+---------+---------+-------+---------

Vault maps used:
D:1:      onia_arrival_larder
D:2:      kennysheep_big_flooded_room
D:3:      first_bread, okawaru_altar_gauntlet_db, uniq_natasha, uniq_grinder
D:6:      enter_ossuary_4
D:7:      nicolae_overflow_hidden_temple, minmay_temple_entry_nine_rooms
D:8:      lair_entry_dummy, special_room, serial_aquarium,
          aquarium_bridge_long_separate, aquarium_window_2,
          aquarium_window_corridor_3, aquarium_view_4, aquarium_balcony_5a,
          aquarium_pool_corner, uniq_grum
D:9:      nicolae_dithmenos_shadow_blocks
D:10:     david_orc_1_choice, serial_shops, shop
D:11:     serial_shops, shop
D:12:     minmay_isolated_rectangles_in_corner, serial_shops, shop, uniq_nessos
D:13:     erik_vaults_2, david_nohive_1
D:14:     hangedman_decor_slide_cut, nicolae_looking_at_the_future
D:15:     grunt_enter_depths_magical_seal, minmay_misc_feat_alley, uniq_urug
Lair:1:   st_stairs_7
Lair:3:   infiniplex_staircase_pool_2, serial_bayou_shore_b,
          serial_bayou_shore_a
Lair:4:   swamp_mist, minmay_snake_entry_guardpost_small, enter_volcano_2,
          minmay_lair_oklob_chamber, uniq_harold
Lair:5:   lemuel_fruit_tree, serial_bayou_shore_b, grunt_megastairs_5
Lair:6:   minmay_lair_end_enchanted_forest, slime_dummy
Swamp:1:  gammafunk_mikee_crab_dinner, hangedman_swamp_cone, uniq_frances
Swamp:2:  hangedman_swamp_blocks, swamp_pool4, uniq_donald, uniq_aizul
Swamp:3:  evilmike_swamp_ruin_house_4, swamp_pool3, infiniplex_staircase_pool
Swamp:4:  swamp, swamp_pool1, nicolae_swamp_very_dense_foliage, uniq_louise,
          uniq_jorgrun
Snake:2:  serial_shops, nicolae_shop_crystal, nicolae_snake_horde_hoard
Snake:4:  snake_pit, spider_trap
Orc:1:    basic_altar
Orc:2:    st_orc_pillars
Elf:1:    minmay_elf_arrival_summoners, infiniplex_enter_wizlab_spiral,
          serial_shops, shop, minmay_elf_sorcery
Elf:2:    uniq_roxanne
Elf:3:    minmay_elf_hall_curves, grunt_megastairs_1, basic_stair_grate_trap,
          uniq_nikola
Vaults:1: vaults_dpeg_spiral, nicolae_vaults_stairing_the_circle, v_rooms_4,
          nicolae_vaults_network_quincunx, hangedman_vaults_corner,
          vaults_room_fours, nicolae_vaults_what_the_h,
          vaults_room_stairs_pillars, ontoclasm_vaults_loading_screen,
          nicolae_vaults_rhombus_5, serial_shops, shop
Vaults:2: vaults_room_fours, nicolae_vaults_minivaults,
          hangedman_vaults_corner_blocks, v_misc_10, vaults_dpeg_ring,
          ontoclasm_vaults_decontamination, nicolae_vaults_arrows,
          v_alt_pattern_3, nicolae_vaults_little_squares_1,
          nicolae_vaults_hallways_thing, hangedman_vaults_trim,
          nicolae_vaults_little_squares_3, hangedman_vaults_maws,
          vaults_room_fours, serial_shops, nicolae_shop_window_shopping,
          uniq_margery, uniq_saint_roka, uniq_mara
Vaults:3: nicolae_vaults_angled_halls, v_misc_15, special_room_vaults,
          nicolae_vaults_network_periphery, vaults_room_fours,
          hangedman_vaults_locks, vaults_dpeg_encased_lava, v_misc_1, v_misc_23,
          blue_anna_dwarven_crypt
Vaults:4: ontoclasm_vaults_chip, vaults_mumra_lcd, v_rooms_4, v_misc_27,
          hangedman_vaults_impose, vaults_standard_mumra_lines,
          vaults_room_corners, nicolae_vaults_rhombus_6,
          grunt_vaults_hallway_long, ontoclasm_vaults_eye
Depths:1: pf_coc_iceberg, grunt_pan_entry_zigzag, minmay_misc_feat_encased,
          hangedman_decor_diamond_cutter, kennysheep_doodads,
          minmay_misc_feat_diagonals, minmay_hedge_maze,
          nicolae_twisting_strands, serial_bayou_crossing
Depths:2: grunt_profane_halls, hell_entry, abyss_entry
Ossuary:  minmay_ossuary_two_tombs
Volcano:  volcano_village
WizLab:   wizlab_lehudib
